 Dungeon Crawl Stone Soup version 0.21-a0-29-g43b3074 (webtiles) character file.

3185 grindst0ne the Blocker (level 10, -11/79 HPs)
             Began as a Formicid Fighter on May 26, 2017.
             Was a Follower of Makhleb.
             Killed from afar by Vajrapani's ghost (43 damage)
             ... with a stone arrow
             ... on level 8 of the Dungeon.
             The game lasted 00:17:11 (7951 turns).

grindst0ne the Blocker (Formicid Fighter)           Turns: 7951, Time: 00:17:12

Health: -11/79     AC:  9    Str: 26    XL:     10   Next: 16%
Magic:  10/10      EV: 11    Int:  6    God:    Makhleb [*.....]
Gold:   319        SH: 13    Dex: 13    Spells: 9/9 levels left

rFire    . . .     SeeInvis +   A - +0 battleaxe
rCold    + . .     Gourm    .   c - +1 shield
rNeg     . . .     Faith    .   o - +0 chain mail
rPois    .         Spirit   .   (helmet unavailable)
rElec    .         Reflect  .   (no cloak)
rCorr    .         Harm     .   (no gloves)
MR       +....                  (no boots)
Stlth    ..........             i - amulet of magic regeneration
Regen    0.3/turn               D - +5 ring of strength
MPRegen  0.2/turn               G - ring of stealth

@: lethally poisoned (-11 -> -22)
A: permanent stasis, dig shafts and tunnels, four strong arms, antennae 3,
camouflage 1, cold resistance 1, dopey 1, evolution 1
a: Dig, Shaft Self, Renounce Religion


You were on level 8 of the Dungeon.
You worshipped Makhleb.
Makhleb was aware of your devotion.
You were not hungry.

You visited 1 branch of the dungeon, and saw 8 of its levels.

You collected 319 gold pieces.

Inventory:

Hand Weapons
 A - a +0 battleaxe (weapon)
Armour
 c - a +1 shield (worn)
 g - a +0 plate armour
 o - a +0 chain mail (worn)
Jewellery
 i - an amulet of magic regeneration (around neck)
 x - an uncursed ring of resist corrosion
 B - an uncursed ring of positive energy
 D - a +5 ring of strength (left hand)
 G - a ring of stealth (right hand)
Wands
 q - a wand of lightning (2/15)
 u - a wand of iceblast (6/15)
 E - a wand of disintegration (16/24)
 H - a wand of polymorph (13/24)
Scrolls
 a - a scroll of immolation {unknown}
 b - a scroll of fear
 t - a scroll of remove curse
 w - 2 scrolls of amnesia
 z - a scroll of identify
Potions
 e - 4 potions of curing
 n - a potion of flight
Books
 r - a book of Misfortune

   Spells                             Type                      Level
   a - Confusing Touch                Hexes                        1
   b - Confuse                        Hexes                        3
   c - Gell's Gravitas                Translocation                3
   d - Petrify                        Transmutation/Earth          4
   e - Metabolic Englaciation         Hexes/Ice                    5
   f - Yara's Violent Unravelling     Hexes/Transmutation          5
 y - a book of Conjurations

   Spells                             Type                      Level
   a - Magic Dart                     Conjuration                  1
   b - Searing Ray                    Conjuration                  2
   c - Dazzling Spray                 Conjuration/Hexes            3
   d - Fulminant Prism                Conjuration/Hexes            4
   e - Force Lance                    Conjuration/Translocation    4
   f - Iskenderun's Mystic Blast      Conjuration                  4
 F - a book of Cantrips

   Spells                             Type                      Level
   a - Confusing Touch                Hexes                        1
   b - Animate Skeleton               Necromancy                   1
   c - Summon Small Mammal            Summoning                    1
   d - Apportation                    Translocation                1
Comestibles
 f - 4 bread rations
 j - 4 royal jellies
 p - 5 meat rations
 s - 9 fruits


   Skills:
 - Level 7.1 Fighting
 + Level 8.7 Axes
 - Level 3.2 Armour
 - Level 5.2 Dodging
 - Level 9.0 Shields


You had 9 spell levels left.
You didn't know any spells.

Dungeon Overview and Level Annotations

Branches:
Dungeon (8/15)             Temple (0/1) D:5            Lair (0/6) D:8

Altars:
Ashenzari
Cheibriados
Dithmenos
Elyvilon
Gozag
Hepliaklqana
Makhleb
Nemelex Xobeh
Okawaru
Qazlal
Sif Muna
Trog
Uskayaw
Vehumet
Wu Jian
Xom

Annotations:
D:8 Vajrapani's ghost, journeyman OpWz


Innate Abilities, Weirdness & Mutations

You cannot be hasted, slowed, berserked, paralysed or teleported.
You can dig through walls and to a lower floor.
Your four strong arms can wield two-handed weapons with a shield.
You have a pair of large antennae on your head. (SInv)
Your skin changes colour to match your surroundings (Stealth+).
Your flesh is cold resistant. (rC+)
You are dopey. (Int -2)
You evolve.


Message History

You barely miss Vajrapani's ghost.
You feel sick. You block Vajrapani's ghost's attack.
You slash Vajrapani's ghost!
Vajrapani's ghost is lightly damaged.
You feel sick. You block Vajrapani's ghost's attack.
You slash Vajrapani's ghost!
Vajrapani's ghost is moderately damaged.
Vajrapani's ghost hits you but does no damage.
You are more poisoned.
You slash Vajrapani's ghost!
Vajrapani's ghost is heavily damaged.
You feel sick. Vajrapani's ghost barely misses you. Vajrapani's ghost hits you.
You are more poisoned.
You closely miss Vajrapani's ghost.
Vajrapani's ghost is heavily damaged.
You feel sick.
Vajrapani's ghost stares at you and mumbles some strange words.
The stone arrow hits you!
Ouch! That really hurt!
You die...

...#.# #.#.# #.#
.>...# #.#.# #.#
.############.#.#
#.# . ........#.#
#.# # ..........#
#.#
#############.##
...........#
W.####W#### #@##
###


You could see Vajrapani's ghost.

Vanquished Creatures
  2 hippogriffs
  A steam dragon (D:8)
  2 wargs (D:8)
  3 ice beasts
  An orc warrior (D:8)
  A sky beast (D:6)
  A centaur (D:6)
  4 ogres
  The ghost of Multipenetrator the Sneak, an amateur DEEn of Dithmenos (D:4)
  3 bullfrogs
  2 wyvern zombies
  A scorpion (D:8)
  A howler monkey (D:5)
  3 crimson imps (D:5)
  A bullfrog zombie (D:6)
  A centaur zombie (D:8)
  6 hounds
  4 orc priests
  A bullfrog skeleton (D:8)
  2 iguanas (D:5)
  9 orc wizards
  3 worker ants
  Robin (D:4)
  A gnoll (D:1)
  10 adders
  6 shadow imps
  An ooze (D:2)
  An adder skeleton (D:4)
  A worm (D:2)
  A dart slug (D:1)
  2 leopard geckos
  20 orcs
  10 bats
  4 giant cockroaches
  14 goblins
  6 hobgoblins
  8 jackals
  6 kobolds
  3 quokkas
  3 frilled lizards
  A quokka skeleton (D:4)
  A quokka zombie (D:6)
  15 rats
168 creatures vanquished.

Notes
Turn   | Place    | Note
-------+----------+-------------------------------------------
     0 | D:1      | grindst0ne the Formicid Fighter began the quest for the Orb.
     0 | D:1      | Reached XP level 1. HP: 18/18 MP: 1/1
   106 | D:1      | Reached XP level 2. HP: 21/24 MP: 2/2
   358 | D:1      | Reached XP level 3. HP: 27/30 MP: 3/3
   893 | D:2      | Reached XP level 4. HP: 37/38 MP: 4/4
  1639 | D:2      | Found a hazy altar of Hepliaklqana.
  1695 | D:2      | Reached XP level 5. HP: 19/43 MP: 5/5
  2196 | D:3      | Reached skill level 5 in Fighting
  3036 | D:4      | Noticed an ogre
  3044 | D:4      | Reached XP level 6. HP: 32/52 MP: 6/6
  3051 | D:4      | Killed an ogre
  3290 | D:4      | Noticed Multipenetrator's ghost (amateur DEEn)
  3321 | D:4      | Killed Multipenetrator's ghost
  3406 | D:4      | Found a bloodstained altar of Trog.
  3430 | D:4      | Reached XP level 7. HP: 58/59 MP: 7/7
  3695 | D:4      | Noticed Robin
  3715 | D:4      | Killed Robin
  4163 | D:5      | Entered Level 5 of the Dungeon
  4164 | D:5      | Found a stormy altar of Qazlal.
  4171 | D:5      | Found a bloodstained altar of Trog.
  4171 | D:5      | Found a shattered altar of Ashenzari.
  4174 | D:5      | Found a snail-covered altar of Cheibriados.
  4174 | D:5      | Found an ornate altar of the Wu Jian Council.
  4174 | D:5      | Found a sparkling altar of Nemelex Xobeh.
  4174 | D:5      | Found a shadowy altar of Dithmenos.
  4174 | D:5      | Found a snail-covered altar of Cheibriados.
  4175 | D:5      | Found a shadowy altar of Dithmenos.
  4175 | D:5      | Found a burning altar of Makhleb.
  4178 | D:5      | Found a white marble altar of Elyvilon.
  4178 | D:5      | Found an iron altar of Okawaru.
  4187 | D:5      | Became a worshipper of Makhleb the Destroyer
  4292 | D:5      | Reached skill level 4 in Shields
  4509 | D:5      | Reached skill level 5 in Axes
  4551 | D:5      | Reached skill level 5 in Shields
  4551 | D:5      | Reached XP level 8. HP: 49/67 MP: 8/8
  4725 | D:5      | Found a staircase to the Ecumenical Temple.
  4812 | D:5      | Reached skill level 6 in Shields
  5007 | D:5      | Reached skill level 7 in Shields
  5092 | D:5      | Found a shattered altar of Ashenzari.
  5131 | D:5      | Found a burning altar of Makhleb.
  5131 | D:5      | Found a radiant altar of Vehumet.
  5304 | D:6      | Reached skill level 8 in Shields
  5308 | D:6      | Gained mutation: Your flesh is cold resistant. (rC+) [mutagenic meat]
  5309 | D:6      | Gained mutation: You are dopey. (Int -2) [mutagenic meat]
  5311 | D:6      | Gained mutation: You evolve. [mutagenic meat]
  5312 | D:6      | Gained mutation: Your skin changes colour to match your surroundings (Stealth+). [mutagenic meat]
  5454 | D:6      | Reached XP level 9. HP: 53/72 MP: 9/9
  5621 | D:6      | Found a white marble altar of Elyvilon.
  5683 | D:6      | Reached skill level 9 in Shields
  5774 | D:6      | Reached * piety under Makhleb
  5913 | D:6      | Reached skill level 1 in Dodging
  5986 | D:6      | Found a deep blue altar of Sif Muna.
  5986 | D:6      | Found a hide-covered altar of Uskayaw.
  6172 | D:6      | Found an iron altar of Okawaru.
  6466 | D:7      | Found a sparkling altar of Nemelex Xobeh.
  6870 | D:7      | Noticed a hippogriff
  6877 | D:7      | Killed a hippogriff
  7025 | D:7      | Found a shadowy altar of Dithmenos.
  7078 | D:8      | Found a staircase to the Lair.
  7251 | D:8      | Reached skill level 5 in Dodging
  7305 | D:8      | Reached XP level 10. HP: 38/79 MP: 10/10
  7497 | D:8      | Found an opulent altar of Gozag.
  7525 | D:8      | Found a shimmering altar of Xom.
  7529 | D:8      | Found a shimmering altar of Xom.
  7539 | D:8      | Found a shimmering altar of Xom.
  7543 | D:8      | Found a shimmering altar of Xom.
  7545 | D:8      | Found a shimmering altar of Xom.
  7545 | D:8      | Found a shimmering altar of Xom.
  7571 | D:8      | Found a shimmering altar of Xom.
  7937 | D:8      | Noticed Vajrapani's ghost (journeyman OpWz)
  7951 | D:8      | Killed from afar by Vajrapani's ghost

Vault maps used:
D:1:      saegor_arrival_simple_d, minmay_close_crescents
D:2:      nicolae_overflow_hidden_temple, minmay_misc_feat_roman, minivault_24
D:3:      glass_columns_a
D:4:      old_standard_altar, uniq_robin
D:5:      grunt_temple_overflow_lords_of_destruction, kennysheep_mini_moat,
          temple_doors_ab, first_bread
D:6:      marbit_many_paths, lemuel_coloured_pillars_altar,
          gammafunk_temple_overflow_wave, grunt_ministairs_2
D:7:      nemelex_xobeh_ov_fountains_minmay, grunt_dithmenos_shadows
D:8:      nicolae_xom_altar_mimics, nicolae_gozag_seed_capital,
          erik_lair_orcish_takeover, grunt_decor_arrowhead

Skill      XL: |  1  2  3  4  5  6  7  8  9 10 |
---------------+-------------------------------+-----
Fighting       | 4 5 6 7 |  7.1
Axes           | 3 4 5 6 7 8 |  8.7
Shields        | 5 8 9 |  9.0
Dodging        | 5 |  5.2
Armour         | |  3.2

Action                   |  1- 3 |  4- 6 |  7- 9 | 10-12 || total
-------------------------+-------+-------+-------+-------++-------
Melee: War axe           |    71 |   202 |   294 |       ||   567
       Battleaxe         |       |       |   121 |    46 ||   167
 Abil: Dig               |     8 |     8 |    12 |     2 ||    30
  Use: Potion            |       |     3 |     3 |     1 ||     7
       Scroll            |       |       |    16 |       ||    16
 Stab: Sleeping          |       |       |     1 |       ||     1
  Eat: Chunk             |     1 |     9 |    19 |     3 ||    32
Armor: Scale mail        |    52 |    77 |    63 |       ||   192
       Chain mail        |       |       |    43 |    20 ||    63
Dodge: Dodged            |    32 |    51 |   107 |    11 ||   201
Block: Shield            |    55 |    91 |   230 |    29 ||   405
